 Dungeon Crawl Stone Soup version 0.31.0-2-g5a2aebc5c2 (webtiles) character file.

Game seed: 7661142828409646101

1012 gelatine the Shooter (level 8, -2/50 (60) HPs)
             Began as a Demonspawn Hunter on Jan 20, 2024.
             Killed by an exploding ice beast (30 damage)
             ... ignited by their inner flame
             ... on level 6 of the Dungeon.
             The game lasted 00:10:56 (4320 turns).

gelatine the Shooter (Demonspawn Hunter)            Turns: 4320, Time: 00:10:57

HP:   -2/50 (60)    AC: 10    Str: 11    XL:     8   Next: 1%
MP:   0/8           EV: 12    Int: 10    God:
Gold: 119           SH:  6    Dex: 19    Spells: 7/7 levels left

rFire   . . .        a - +0 shortbow
rCold   + . .        (shield currently unavailable)
rNeg    . . .        m - +2 leather armour {rC+}
rPois   .            t - +2 helmet
rElec   .            e - +0 cloak
rCorr   .            l - +0 pair of gloves
SInv    .            (no boots)
Will    .....        (no amulet)
Stlth   ++           (no ring)
HPRegen 0.28/turn    (no ring)
MPRegen 0.22/turn

%: guardian spirit
@: about to teleport, heavily drained
A: large bone plates 2, magic shield, magic regeneration, persistent drain
a: no special abilities


You were on level 6 of the Dungeon.
You visited 1 branch of the dungeon, and saw 6 of its levels.

You collected 259 gold pieces.
You spent 140 gold pieces at shops.

Inventory:

Hand Weapons
 a - a +0 shortbow (weapon)
Armour
 e - a +0 cloak (worn)
 g - a +0 tower shield
 l - a +0 pair of gloves (worn)
 m - a +2 leather armour of cold resistance (worn)
 t - a +2 helmet (worn)
Wands
 q - a wand of digging (7)
 r - a wand of roots (4)
 x - a wand of flame (26)
 y - a wand of quicksilver (13)
Scrolls
 b - a scroll of butterflies
 d - a scroll of enchant weapon {unknown}
 f - 3 scrolls of poison
 k - a scroll of immolation
 p - a scroll of fear {unknown}
 s - 2 scrolls of teleportation
 u - 2 scrolls of revelation {unknown}
 w - 3 scrolls of blinking {unknown}
Potions
 c - 5 potions of curing
 h - a potion of resistance {unknown}
 i - a potion of cancellation {unknown}
 j - 3 potions of magic {unknown}
 n - 3 potions of heal wounds
 o - a potion of brilliance {unknown}
 v - a potion of might {unknown}
 z - a potion of enlightenment {unknown}


   Skills:
 + Level 4.0 Fighting
 + Level 7.4 Ranged Weapons
 + Level 2.0 Armour
 + Level 2.6 Dodging
 + Level 1.2 Stealth
 + Level 1.1 Shields
 * Level 2.4 Evocations


You had 7 spell levels left.
You didn't know any spells.
Your spell library contained the following spells:

 Spells                   Type           Power      Damage    Failure   Level
 Apportation              Tloc           0%         N/A       45%         1
 Necrotise                Necr           0%         1d4       45%         1
 Sting                    Conj/Alch      0%         1d3       45%         1
 Summon Small Mammal      Summ           0%         N/A       45%         1


Dungeon Overview and Level Annotations

Branches:
Dungeon (6/15)
 Temple: D:4-7

Altars:
Hepliaklqana

Shops:
D:1 [   D:6 !*

Annotations:
D:6 Jeremiah


Innate Abilities, Weirdness & Mutations

You are mostly covered in large bone plates. (SH +6)
When hurt, damage is shared between your health and your magic reserves.
You regenerate magic rapidly.
Your health recovers twice as slowly from being drained.


Message History

The ice beast hits you but does no damage.
You feel much better.
Jeremiah mumbles a slurred invocation.
Something smites you! You block the ice beast's attack.
You shoot an arrow. The arrow closely misses the ice beast.
The arrow closely misses the butterfly.
The arrow misses the butterfly.
The arrow barely misses the butterfly.
The butterfly disappears in a burst of colours!
Jeremiah barely misses you.
The ice beast hits you but does no damage.
You shoot an arrow. The arrow barely misses the ice beast.
The arrow hits the butterfly!
The butterfly disappears in a burst of colours!
The butterfly explodes!
A hound comes into view.
Jeremiah misses you. The ice beast hits you. The ice beast freezes you.
You resist.
You shoot an arrow. The hound barks!
The arrow hits the ice beast but does no damage.
The ice beast is heavily wounded.
The butterfly disappears in a burst of colours!
Jeremiah hits you but does no damage.
You feel drained. The ice beast closely misses you.
As you read the scroll labelled ESERY HUMME, it crumbles to dust.
You feel strangely unstable.
It was a scroll of teleportation.
Jeremiah asks you, "Would you mind waking me up?
Thanks muchly."
Jeremiah hits you with a +4 trident of draining!
You feel drained.
The ice beast hits you but does no damage.
You shoot an arrow. The arrow hits the ice beast.
Flame seeps out of the ice beast.
The ice beast is severely wounded.
Jeremiah hits you with a +4 trident of draining!
You feel drained.
The ice beast is engulfed in blazing flames.
The ice beast explodes!
The fiery explosion engulfs you!!
Ouch! That really hurt!
You die...

#.#..#
#######.###>..####...
#.#..# #.# #...# #...
# #..# #.#
#...####... #..#
#.#####.####... ....
#....#...###... #..
####...∩.......
.....#...###...
#..#############.##
###.
#bhbbF@○§.§..).Fb# #.
#..##############)#
#. #.# #. ..# ..#
...# ...# ..Y.#


You could see Jeremiah (inner flame) and a hound.

Vanquished Creatures
  A water moccasin (D:5)
  A black bear (D:5)
  An ice beast (D:6)
  An ogre (D:4)
  A bullfrog (D:6)
  Blork the orc (D:4)
  A scorpion (D:6)
  3 hounds
  A jelly (D:4)
  2 orc priests
  A sleepcap (D:5)
  2 orc wizards (D:6)
  Robin (D:4)
  7 adders
  2 gnolls
  A shadow imp (D:5)
  6 ufetubi
  4 dart slugs
  14 orcs
  7 ball pythons
  7 bats
  9 endoplasms
  2 giant cockroaches
  21 goblins
  11 hobgoblins
  7 jackals
  6 kobolds
  3 quokkas
  2 frilled lizards
  6 rats
132 creatures vanquished.

Notes
Turn   | Place    | Note
-------+----------+-------------------------------------------
     0 | D:1      | gelatine the Demonspawn Hunter began the quest for the Orb.
     0 | D:1      | Reached XP level 1. HP: 16/16 MP: 1/1
    95 | D:1      | Reached skill level 4 in Ranged Weapons
    95 | D:1      | Gained mutation: You regenerate magic rapidly. [demonic
                  | ancestry]
    95 | D:1      | Reached XP level 2. HP: 22/22 MP: 2/2
   249 | D:1      | Found Duthrade's Antique Armour Boutique.
   290 | D:1      | Gained mutation: You are partially covered in large bone
                  | plates. (SH +4) [demonic ancestry]
   290 | D:1      | Reached XP level 3. HP: 17/27 MP: 3/3
   746 | D:2      | Found a hazy altar of Hepliaklqana.
   786 | D:2      | Reached XP level 4. HP: 33/34 MP: 4/4
   946 | D:2      | Reached skill level 5 in Ranged Weapons
  1469 | D:3      | Reached XP level 5. HP: 39/39 MP: 5/5
  1923 | D:4      | Noticed Robin
  1946 | D:4      | Killed Robin
  2171 | D:4      | Noticed Blork the orc
  2183 | D:4      | Killed Blork the orc
  2184 | D:4      | Reached skill level 1 in Armour
  2391 | D:4      | Noticed an ogre
  2499 | D:4      | Gained mutation: You are mostly covered in large bone
                  | plates. (SH +6) [demonic ancestry]
  2499 | D:4      | Reached XP level 6. HP: 47/47 MP: 6/6
  3220 | D:4      | Reached skill level 6 in Ranged Weapons
  3220 | D:4      | Reached skill level 1 in Stealth
  3245 | D:5      | Entered Level 5 of the Dungeon
  3448 | D:5      | Reached skill level 1 in Evocations
  3448 | D:5      | Reached XP level 7. HP: 52/52 MP: 7/7
  3551 | D:5      | Gained mutation: Your spells are a little easier to cast,
                  | but a little less powerful. [potion of mutation]
  3551 | D:5      | Gained mutation: Your health recovers twice as slowly from
                  | being drained. [potion of mutation]
  3551 | D:5      | Lost mutation: Your spells are a little easier to cast, but
                  | a little less powerful. [potion of mutation]
  4089 | D:6      | Reached skill level 7 in Ranged Weapons
  4156 | D:6      | Found a transporter.
  4158 | D:6      | Found Ysevu's Distillery.
  4164 | D:6      | Found Latysho's Gadget Gallery.
  4193 | D:6      | Found a transporter.
  4205 | D:6      | Bought a potion of heal wounds for 70 gold pieces
  4205 | D:6      | Bought a potion of heal wounds for 70 gold pieces
  4274 | D:6      | Reached skill level 1 in Shields
  4285 | D:6      | Gained mutation: When hurt, damage is shared between your
                  | health and your magic reserves. [demonic ancestry]
  4285 | D:6      | Reached XP level 8. HP: 57/60 MP: 8/8
  4286 | D:6      | Noticed Jeremiah
  4320 | D:6      | Killed by an exploding ice beast... ignited by their inner
                  | flame

Illustrated notes

Levels and vault maps discovered:
D:1:      scummos_arrival_simple_crosswalls, layout_loops_ring, serial_shops,
          shop_fountains
D:2:      layout_rooms, basic_altar, minmay_fractal_squares_5
D:3:      layout_basic
D:4:      layout_layer_cave, uniq_robin, uniq_blork_the_orc
D:5:      layout_loops_ring, st_stairs_5
D:6:      lemuel_insect_pit, layout_loops_ring, serial_shops, kennysheep_mini,
          shop, nicolae_shop_drivethru, st_stairs_2, kennysheep_crisscross,
          nicolae_shop_gadgets, uniq_jeremiah, uniq_pikel

Skill      XL: |  1  2  3  4  5  6  7 |
---------------+----------------------+-----
Ranged Weapons | 4 5 6 7 |  7.4
Dodging        | 2 |  2.6
Fighting       | 3 4 |  4.0
Armour         | 1 2 |  2.0
Stealth        | 1 |  1.2
Evocations     | 1 2 |  2.4
Shields        | 1 |  1.1

Action                     |  1- 3 |  4- 6 |  7- 9 || total
---------------------------+-------+-------+-------++-------
   Fire: Shortbow          |   125 |   251 |   135 ||   511
  Evoke: Wand              |       |     2 |       ||     2
    Use: Scroll            |       |     3 |     3 ||     6
         Potion            |       |       |     3 ||     3
 Armour: Leather armour    |    30 |   107 |    81 ||   218
  Dodge: Dodged            |    48 |   139 |    75 ||   262
  Block: Other             |     6 |    36 |    36 ||    78
